AoeStats
← OAO

Arena

510283428Analyzed
4v4 RM · 10h ago on Sep 30, 2026· 66m 15s· 8 players
Game mode
Random Map
Map size
Large (8 player)
Population
200
Speed
Normal
Resources
Standard
Victory
Conquest
Starting age
Dark Age
Ending age
Imperial Age
RankedLock teamsTeams togetherTeam positionsShared explorationLock speedFull tech treeHidden civsTurbo modeCheats
Victory
Defeat
🇵🇱 Bohemians · Poland
1210
+10
🇹🇼 Persians · Taiwan
1176
+11
🇹🇼 Poles · Taiwan
1154
+12
🇨🇳 Dravidians · China
996
+19
🇨🇳 Franks · China
1096
-14
🇷🇴 Malians · Romania
1087
-14
1051
-12
🇪🇸 Britons · Spain
1043
-12
MCMLXX
10:03 Feudal Age
15:58 Castle Age
15:39 Double-Bit Axe
15:54 Horse Collar
19:54 Gold Mining
21:50 Stone Mining
22:52 Heavy Plow
23:09 Loom
25:25 Forging
27:19 Iron Casting
27:44 Scale Mail Armor
29:08 Chain Mail Armor
33:31 Fletching
36:21 Imperial Age
34:38 Bodkin Arrow
35:10 Town Watch
35:38 Bow Saw
37:21 Scale Barding Armor
37:19 Farimba
37:45 Conscription
37:06 Heavy Camel Rider
38:13 Squires
38:40 Bloodlines
39:11 Gold Shaft Mining
39:29 Chain Barding Armor
41:08 Plate Barding Armor
42:42 Plate Mail Armor
44:29 Light Cavalry
47:57 Crop Rotation
48:28 Arson
48:03 Pikeman
49:32 Wheelbarrow
49:57 Elite Gbeto
54:14 Hand Cart
56:18 Town Patrol
60:13 Ballistics
60:54 Chemistry
63:13 Fortified Wall
62:45 Treadmill Crane
63:16 Masonry
63:02 Murder Holes
dr Kurwa mać i do przodu
10:31 Feudal Age
11:30 Feudal Age
12:30 Double-Bit Axe
15:20 Castle Age
16:26 Bow Saw
16:00 Horse Collar
16:25 Loom
22:28 Wheelbarrow
24:09 Hand Cart
25:26 Pikeman
26:08 Squires
26:26 Scale Mail Armor
26:31 Gambesons
36:17 Imperial Age
34:34 Chain Mail Armor
34:29 Forging
37:04 Plate Mail Armor
35:55 Halberdier
37:17 Capped Ram
38:40 Iron Casting
40:22 Blast Furnace
39:28 Scale Barding Armor
40:29 Heavy Plow
43:02 Chain Barding Armor
43:42 Light Cavalry
44:33 Bloodlines
49:12 Plate Barding Armor
49:45 Conscription
50:44 Siege Ram
59:14 Fletching
EL CID
11:10 Feudal Age
13:39 Loom
16:41 Castle Age
22:28 Horse Collar
22:48 Double-Bit Axe
27:57 Gold Mining
32:30 Imperial Age
30:21 Fletching
30:59 Bodkin Arrow
31:44 Pikeman
32:50 Padded Archer Armor
33:58 Ballistics
34:52 Chemistry
35:01 Bracer
42:00 Masonry
42:49 Leather Archer Armor
45:46 Elite Longbowman
47:14 Yeomen
49:25 Crossbowman
50:08 Arbalester
寻找迷失的爱
10:52 Feudal Age
12:10 Double-Bit Axe
15:11 Castle Age
13:07 Stone Mining
17:00 Loom
17:43 Bow Saw
17:28 Gold Mining
29:56 Gold Shaft Mining
29:16 Fletching
29:52 Bodkin Arrow
33:27 Imperial Age
31:34 Wheelbarrow
31:24 Husbandry
34:05 Scale Barding Armor
34:10 Forging
34:33 Conscription
35:08 Cavalier
40:30 Chain Barding Armor
40:45 Iron Casting
43:11 Plate Barding Armor
43:36 Blast Furnace
45:05 Chemistry
45:09 Crossbowman
45:57 Padded Archer Armor
47:38 Leather Archer Armor
49:33 Elite Skirmisher
メリダ
6:43 Loom
9:09 Feudal Age
9:47 Double-Bit Axe
10:52 Horse Collar
15:50 Town Watch
22:18 Castle Age
23:25 Bow Saw
26:06 Fletching
26:12 Stone Mining
26:31 Heavy Plow
28:08 Gold Mining
29:12 Wheelbarrow
34:43 Imperial Age
31:54 Elite Skirmisher
32:46 Bodkin Arrow
34:15 Ballistics
33:58 Padded Archer Armor
36:06 Bracer
36:37 Thumb Ring
36:56 Conscription
38:04 Chemistry
38:04 Leather Archer Armor
38:36 Hand Cart
39:29 Fortified Wall
41:49 Scale Mail Armor
41:19 Pikeman
42:14 Forging
44:11 Chain Mail Armor
45:25 Plate Mail Armor
50:19 Siege Engineers
52:09 Scale Barding Armor
52:29 Light Cavalry
53:19 Bloodlines
53:10 Husbandry
53:36 Lechitic Legacy
53:41 Chain Barding Armor
53:58 Iron Casting
53:05 Winged Hussar
55:51 Crop Rotation
56:54 Cavalier
57:42 Szlachta Privileges
59:53 Blast Furnace
62:26 Masonry
vitoldd
9:57 Feudal Age
15:10 Castle Age
13:41 Double-Bit Axe
13:46 Horse Collar
16:23 Bow Saw
17:45 Loom
20:55 Fervor
21:36 Wheelbarrow
24:07 Pikeman
28:08 Imperial Age
26:16 Scale Mail Armor
26:21 Squires
26:38 Heavy Plow
28:11 Chemistry
27:58 Chain Mail Armor
29:39 Plate Mail Armor
29:20 Forging
29:30 Hand Cart
29:01 Town Watch
29:37 Arson
30:05 Fletching
30:15 Padded Archer Armor
32:10 Iron Casting
32:25 Bodkin Arrow
32:46 Leather Archer Armor
32:57 Ballistics
33:11 Halberdier
36:01 Two-Man Saw
39:01 Blast Furnace
38:03 Bracer
38:18 Siege Engineers
39:13 Ring Archer Armor
39:34 Masonry
44:35 Houfnice
46:23 Heavy Scorpion
50:36 Fortified Wall
54:06 Architecture
53:32 Murder Holes
66:07 Elite Hussite Wagon
67:08 Conscription
OAO
10:41 Feudal Age
11:01 Loom
15:09 Castle Age
13:52 Double-Bit Axe
13:51 Horse Collar
16:42 Bow Saw
21:09 Wheelbarrow
22:43 Heavy Plow
24:21 Gold Mining
28:43 Imperial Age
26:29 Hand Cart
27:25 Town Watch
27:47 Husbandry
27:59 Bloodlines
27:56 Scale Barding Armor
28:02 Forging
29:18 Chain Barding Armor
29:43 Cavalier
32:04 Plate Barding Armor
32:05 Iron Casting
39:42 Chemistry
55:42 Savar
64:47 Light Cavalry
66:33 Blast Furnace
66:09 Hussar
岚天神风
10:46 Feudal Age
15:11 Castle Age
13:03 Horse Collar
14:28 Double-Bit Axe
17:09 Bow Saw
21:20 Heavy Plow
21:31 Loom
21:32 Town Watch
22:30 Wheelbarrow
24:38 Hand Cart
25:35 Gold Mining
26:34 Scale Barding Armor
26:40 Forging
26:23 Fletching
26:34 Padded Archer Armor
26:37 Stone Mining
30:35 Imperial Age
28:43 Bodkin Arrow
30:37 Thumb Ring
30:53 Leather Archer Armor
30:40 Scale Mail Armor
31:15 Iron Casting
31:35 Town Patrol
32:41 Two-Man Saw
31:10 Elite Elephant Archer
32:22 Bracer
32:53 Ring Archer Armor
32:54 Ballistics
36:23 Conscription
41:17 Chemistry
40:36 Chain Mail Armor
41:45 Guard Tower
41:41 Arrowslits
44:28 Keep
43:39 Arrowslits
43:51 Murder Holes
44:07 Masonry
49:31 Caravan
49:18 Siege Elephant
51:03 Hoardings
50:49 Siege Elephant
56:33 Iron Casting
56:29 Plate Mail Armor
56:07 Squires
55:27 Pikeman
55:53 Gambesons
55:54 Arson
56:30 Halberdier
58:54 Blast Furnace
Connection lost

Rejoining the realm…

Still unreachable

The connection could not be restored.

Session expired

The server has moved on; the page needs a fresh start.